 Dungeon Crawl Stone Soup version 0.29.0-11-gd7f09526c8 (webtiles) character file.

Game seed: 8519365391043653497

800 RascalDebosk the Shield-Bearer (level 7, 0/70 HPs)
             Began as a Troll Fighter on Sept 4, 2022.
             Slain by a gnoll sergeant
             ... wielding a +0 spear
              (8 damage)
             ... on level 6 of the Dungeon.
             The game lasted 00:22:42 (3402 turns).

RascalDebosk the Shield-Bearer (Troll Fighter)      Turns: 3402, Time: 00:22:43

Health: 0/70       AC:  4    Str: 25    XL:     7   Next: 59%
Magic:  6/6        EV:  9    Int:  6    God:
Gold:   262        SH:  8    Dex:  9    Spells: 6/6 levels left

rFire   . . .      SeeInvis .   a - +0 flail
rCold   . . .      Faith    .   c - +0 kite shield
rNeg    . . .      Spirit   .   b - +0 robe
rPois   .          Reflect  .   (helmet restricted)
rElec   .          Harm     .   (no cloak)
rCorr   .          Rampage  .   (gloves unavailable)
Will    .....                   (boots unavailable)
Stlth   +.........              (no amulet)
HPRegen 1.01/turn               (no ring)
MPRegen 0.10/turn               (no ring)

@: studying Transmutations
A: large, unfitting armour, claws 3, regeneration 1, shaggy fur 1, tough skin 1
a: no special abilities


You were on level 6 of the Dungeon.
You visited 1 branch of the dungeon, and saw 5 of its levels.

You collected 262 gold pieces.

Inventory:

Hand Weapons
 a - a +0 flail (weapon)
Missiles
 o - 3 boomerangs (quivered)
Armour
 b - a +0 robe (worn)
 c - a +0 kite shield (worn)
Wands
 m - a wand of flame (15)
 n - a wand of polymorph (13)
 r - a wand of paralysis (18)
Scrolls
 g - 2 scrolls of teleportation {unknown}
Potions
 d - a potion of might
 e - 2 potions of degeneration
 f - a potion of heal wounds
 h - 5 potions of curing
 p - a potion of magic
 t - a potion of resistance


   Skills:
 + Level 4.0 Fighting
 + Level 3.7 Maces & Flails
 + Level 3.1 Throwing
 + Level 4.0 Dodging
 + Level 4.4 Shields


You had 6 spell levels left.
You didn't know any spells.
Your spell library contained the following spells:

 Spells                   Type           Power      Damage    Failure   Level
 Shock                    Conj/Air       0%         1d3       75%         1
 Swiftness                Air            0%         N/A       98%         3
 Airstrike                Air            0%         2d(0-16)  100%        4


Dungeon Overview and Level Annotations

Branches:
Dungeon (4/15)             Temple (0/1) D:6

Altars:
Dithmenos
Elyvilon
Sif Muna

Shops:
D:4 [


Innate Abilities, Weirdness & Mutations

You are too large for most types of armour.
You have claws for hands.
Your natural rate of healing is unusually fast.
You are covered in fur. (AC +1)
You have tough skin. (AC +1)


Message History

You closely miss the gnoll sergeant.
The gnoll sergeant is moderately wounded.
The gnoll barely misses you.
The gnoll sergeant hits you with a +0 spear.
The gnoll hits you with a +0 whip.
You completely miss the gnoll sergeant.
The gnoll sergeant is moderately wounded.
The gnoll barely misses you. The gnoll closely misses you.
The gnoll sergeant hits you with a +0 spear.
You block the gnoll sergeant's attack. The gnoll hits you with a +0 whip!
* * * LOW HITPOINT WARNING * * *
You block the gnoll's attack.
You feel much better. You block the gnoll's attack.
The gnoll sergeant hits you with a +0 spear.
The gnoll hits you with a +0 whip.
You barely miss the gnoll sergeant.
The gnoll sergeant is moderately wounded.
The gnoll hits you from afar with a +0 spear.
The gnoll sergeant hits you with a +0 spear!
The gnoll barely misses you.
You thump the gnoll sergeant!
The gnoll sergeant is severely wounded.
The gnoll hits you but does no damage.
The gnoll sergeant hits you with a +0 spear!
* * * LOW HITPOINT WARNING * * *
The gnoll hits you with a +0 whip.
* * * LOW HITPOINT WARNING * * *
You barely miss the gnoll sergeant.
The gnoll sergeant is severely wounded.
You block the gnoll's attack. The gnoll closely misses you.
The gnoll sergeant closely misses you.
The gnoll sergeant hits you but does no damage.
You block the gnoll's attack. The gnoll hits you with a +0 whip.
* * * LOW HITPOINT WARNING * * *
You barely miss the gnoll sergeant.
The gnoll sergeant is severely wounded.
The gnoll hits you from afar with a +0 spear.
* * * LOW HITPOINT WARNING * * *
The gnoll sergeant hits you with a +0 spear!
You die...

§§...............#...#..#........
.§...............######+#######..
...#####'####+#.........,,,,###..
...#......'...'.........,,,,+....
...#......#...#.........,,,,#....
...#......#...#.........,,,,#....
...#......#...#....[....,,,,#....
...#####..#####.........,,,>##+##
...#,,*#..#*####@######+***,,,,,,
...#,,,..[.,+..gg#,,,*,,,,*,,,,,,
...#,,,....,#..gg#,,,+,,,,*,,,,,,
...#****+**+####'#*******+*,,,,,,
....,,,,,............gg.,,,,,,***
.....,,,,..........g....,,,,,,*,,
,,,,,,,,,...............,,,,,,*,,
,,,,,,,,,.........?.g...,,,,,,+,,
,,*,,,,,,...............,,,,,,*,*


You could see a gnoll sergeant and 3 gnolls.

Vanquished Creatures
  Prince Ribbit (D:6)
  A phantom (D:6)
  A centaur (D:6)
  A necrophage (D:6)
  A scorpion (D:4)
  A howler monkey (D:6)
  A jelly (D:3)
  2 orc priests (D:3)
  2 iguanas (D:6)
  Jessica (D:3)
  4 adders
  A worm (D:2)
  2 dart slugs
  15 orcs
  8 ball pythons
  5 bats
  8 endoplasms
  3 giant cockroaches
  4 goblins
  4 hobgoblins
  3 jackals (D:3)
  A quokka (D:4)
  5 frilled lizards
  5 kobolds
  8 rats
88 creatures vanquished.

Vanquished Creatures (others)
  8 plants (D:4)
8 creatures vanquished.

Grand Total: 96 creatures vanquished

Notes
Turn   | Place    | Note
-------+----------+-------------------------------------------
     0 | D:1      | RascalDebosk the Troll Fighter began the quest for the Orb.
     0 | D:1      | Reached XP level 1. HP: 22/22 MP: 0/0
    80 | D:1      | Found a faded altar of an unknown god.
   343 | D:1      | Reached XP level 2. HP: 29/29 MP: 1/1
   736 | D:2      | Reached XP level 3. HP: 36/36 MP: 2/2
  1079 | D:3      | Reached skill level 1 in Throwing
  1113 | D:3      | Reached XP level 4. HP: 39/44 MP: 3/3
  1314 | D:3      | Noticed Jessica
  1323 | D:3      | Killed Jessica
  1599 | D:3      | Identified the +6 scale mail of the Poles {Rampage Dex+5}
  1649 | D:3      | Reached XP level 5. HP: 40/53 MP: 4/4
  2297 | D:4      | Reached XP level 6. HP: 17/61 MP: 5/5
  2822 | D:4      | Found a white marble altar of Elyvilon.
  2847 | D:4      | Found a shimmering blue altar of Sif Muna.
  2878 | D:4      | Found Foron's Antique Armour Emporium.
  2908 | D:4      | You fall into a shaft and drop 2 floors!
  3099 | D:6      | Noticed Prince Ribbit
  3105 | D:6      | Killed Prince Ribbit
  3106 | D:6      | Reached XP level 7. HP: 61/68 MP: 6/6
  3256 | D:6      | Found a shadowy altar of Dithmenos.
  3348 | D:6      | Found a shadowy altar of Dithmenos.
  3402 | D:6      | Slain by a gnoll sergeant

Illustrated notes

Levels and vault maps discovered:
D:1:      minmay_arrival_cross, layout_rooms, hellmonk_ecumenical_altar_zigzags,
          st_stairs_4
D:2:      minmay_alternating_diamond, layout_loops_cross,
          hangedman_decor_riveting, minmay_misc_feat_x
D:3:      layout_loops_corners, minmay_fractal_squares_5, uniq_jessica
D:4:      layout_rooms, mainiacjoe_overflow_cross_hatched,
          mainiacjoe_overflow_tiny_flanked, serial_shops,
          nicolae_inconvenience_store, st_stairs_7, columned_hall_lemuel
D:6:      layout_gridville, grunt_dithmenos_smoke,
          minmay_temple_entry_mini_moons, serial_shops, shop,
          hangedman_feature_mirror, uniq_prince_ribbit1

Skill      XL: |  1  2  3  4  5  6  7 |
---------------+----------------------+-----
Maces & Flails | 2 3 |  3.7
Shields        | 3 4 |  4.4
Throwing       | 1 2 3 |  3.1
Fighting       | 3 4 |  4.0
Dodging        | 3 4 |  4.0

Action                   |  1- 3 |  4- 6 |  7- 9 || total
-------------------------+-------+-------+-------++-------
Melee: Flail             |    86 |   232 |    48 ||   366
Throw: Boomerang         |       |     1 |       ||     1
  Use: Scroll            |       |     6 |     5 ||    11
       Potion            |       |     1 |     1 ||     2
 Stab: Sleeping          |     1 |     2 |       ||     3
Armor: Robe              |    37 |    91 |    11 ||   139
Dodge: Dodged            |    49 |   140 |    23 ||   212
Block: Kite shield       |    41 |   143 |    35 ||   219
